[Event "British KO-ch Pre 2019"]
[Site "London"]
[Date "2019.11.30"]
[Round "3.5"]
[White "McPhillips, Joseph"]
[Black "Wadsworth, Matthew J"]
[Result "0-1"]
[ECO "B47"]
[WhiteElo "2434"]
[BlackElo "2401"]
[Annotator "NA"]
[PlyCount "48"]
[EventDate "2019.11.30"]
[EventType "k.o."]
[EventCountry "ENG"]
[SourceTitle "playchess.com"]
[Source "ChessBase"]
[SourceQuality "1"]
[TimeControl "600+5"]

1. e4 c5 2. Nf3 e6 3. d4 cxd4 4. Nxd4 Nc6 5. Nc3 Qc7 6. g3 a6 7. Bg2 h5 8. h3 Nf6 9. Nb3 h4 10. Bf4 Ne5 11. Qd4 d6 12. O-O-O b5 13. Bg5 Bb7 14. Bxh4 Rc8 15. f4 Nc4 16. Qd3 b4 17. Ne2 Ne3 18. Bxf6 Qxc2+ 19. Qxc2 Rxc2+ 20. Kb1 Rxe2 21. Bf3 Rf2 22. Nc5 Rxf3 23. Rd3 Bc6 24. Bh4 Rxh4 0-1

[Event "British KO-ch Pre 2019"]
[Site "London"]
[Date "2019.11.30"]
[Round "3.6"]
[White "Claridge-Hansen, William"]
[Black "Head, Louise"]
[Result "1-0"]
[ECO "A25"]
[WhiteElo "2290"]
[BlackElo "2100"]
[Annotator "NA"]
[PlyCount "67"]
[EventDate "2019.11.30"]
[EventType "k.o."]
[EventCountry "ENG"]
[SourceTitle "playchess.com"]
[Source "ChessBase"]
[SourceQuality "1"]
[TimeControl "600+5"]

1. c4 e5 2. g3 Nf6 3. Bg2 Nc6 4. Nc3 Bb4 5. Nd5 Bc5 6. e3 d6 7. Ne2 Nxd5 8. cxd5 Ne7 9. b3 O-O 10. O-O Bg4 11. h3 Bh5 12. Bb2 Bb6 13. g4 Bg6 14. d4 exd4 15. Nxd4 Qd7 16. f4 f5 17. Ne6 Bxe3+ 18. Kh2 Rf7 19. Re1 Bb6 20. g5 c6 21. h4 Bf2 22. Rf1 cxd5 23. Rxf2 Qxe6 24. h5 h6 25. hxg6 Qxg6 26. gxh6 Qxh6+ 27. Kg1 Re8 28. Qd2 Kf8 29. Re1 Qg6 30. Qe3 Rd8 31. Rf3 Nc6 32. Rg3 Qh6 33. Rh3 d4 34. Qf2 1-0

[Event "British KO-ch Pre 2019"]
[Site "London"]
[Date "2019.11.30"]
[Round "3.7"]
[White "Toma, Katarzyna"]
[Black "Taylor, Adam C"]
[Result "0-1"]
[ECO "C77"]
[WhiteElo "2272"]
[BlackElo "2371"]
[Annotator "NA"]
[PlyCount "88"]
[EventDate "2019.11.30"]
[EventType "k.o."]
[EventCountry "ENG"]
[SourceTitle "playchess.com"]
[Source "ChessBase"]
[SourceQuality "1"]
[TimeControl "600+5"]

1. e4 e5 2. Nf3 Nc6 3. Bb5 a6 4. Ba4 Nf6 5. Qe2 Qe7 6. c3 g6 7. d3 Bg7 8. O-O O-O 9. h3 b5 10. Bc2 d6 11. a4 Bb7 12. Na3 b4 13. Nc4 a5 14. Ne3 Rab8 15. Bb3 Ba6 16. Nd5 Nxd5 17. Bxd5 Qd7 18. Bg5 Ne7 19. Nd2 Nxd5 20. exd5 f5 21. c4 h6 22. Bh4 g5 23. Bg3 c6 24. dxc6 Qxc6 25. f3 d5 26. Rfe1 Rbe8 27. Rac1 e4 28. fxe4 dxe4 29. b3 f4 30. Bh2 exd3 31. Qxd3 Bb7 32. Nf3 Bc3 33. Rxe8 Rxe8 34. Rf1 Qe6 35. Kh1 Be4 36. Qd1 Qf5 37. Qd6 Qe6 38. Qc5 Bd3 39. Rc1 Kh7 40. Bg1 Be4 41. Rd1 Bxf3 42. gxf3 Qxh3+ 43. Bh2 Qxf3+ 44. Kg1 Qxd1+ 0-1

[Event "British KO-ch Pre 2019"]
[Site "London"]
[Date "2019.11.30"]
[Round "3.8"]
[White "Kalaiyalahan, Akshaya"]
[Black "Pein, Jonathan"]
[Result "0-1"]
[ECO "A50"]
[WhiteElo "2154"]
[BlackElo "2151"]
[Annotator "NA"]
[PlyCount "100"]
[EventDate "2019.11.30"]
[EventType "k.o."]
[EventCountry "ENG"]
[SourceTitle "playchess.com"]
[Source "ChessBase"]
[SourceQuality "1"]
[TimeControl "600+5"]

1. Nf3 Nf6 2. g3 b6 3. Bg2 Bb7 4. O-O g6 5. d4 Bg7 6. c4 O-O 7. Nc3 Ne4 8. Nxe4 Bxe4 9. b3 c5 10. Bb2 d5 11. Qc1 cxd4 12. Nxd4 Bxg2 13. Kxg2 e5 14. Nf3 d4 15. e3 Nc6 16. exd4 exd4 17. Qd2 Qd6 18. Rfd1 Rad8 19. a3 Rfe8 20. Qd3 Qc7 21. Re1 Re7 22. Rxe7 Qxe7 23. Re1 Qd6 24. b4 h6 25. Rd1 Ne5 26. Nxe5 Qxe5 27. Qf3 Qc7 28. Qd3 a5 29. Kg1 axb4 30. axb4 Rc8 31. Bxd4 Qxc4 32. Qxc4 Rxc4 33. Bxg7 Kxg7 34. Rb1 Kf6 35. Kf1 Ke5 36. Ke2 Ke4 37. Rb2 b5 38. h4 h5 39. Kd2 Kf3 40. Ke1 Re4+ 41. Kd1 Rc4 42. Ke1 f6 43. Kd1 g5 44. hxg5 fxg5 45. Ke1 h4 46. gxh4 gxh4 47. Rb3+ Kg2 48. Ke2 Re4+ 49. Kd3 Rf4 50. Ke3 Rf3+ 0-1

[Event "British KO-ch Pre 2019"]
[Site "London"]
[Date "2019.11.30"]
[Round "4.1"]
[White "Horton, Andrew P"]
[Black "Harvey, Marcus R"]
[Result "0-1"]
[ECO "A14"]
[WhiteElo "2378"]
[BlackElo "2405"]
[Annotator "NA"]
[PlyCount "154"]
[EventDate "2019.11.30"]
[EventType "k.o."]
[EventCountry "ENG"]
[SourceTitle "playchess.com"]
[Source "ChessBase"]
[SourceQuality "1"]
[TimeControl "600+5"]

1. Nf3 Nf6 2. c4 b6 3. g3 Bb7 4. Bg2 e6 5. O-O c5 6. b3 Be7 7. Bb2 O-O 8. Nc3 d5 9. e3 Na6 10. Qe2 dxc4 11. bxc4 Nb4 12. Ne1 Bxg2 13. Kxg2 Qc8 14. a3 Qb7+ 15. Kg1 Nc6 16. f4 Rfd8 17. Rd1 Na5 18. f5 exf5 19. Rxf5 Qd7 20. Rf4 Qe6 21. d3 Bd6 22. Rf1 Re8 23. Ng2 Nc6 24. Rde1 Be5 25. Nf4 Qg4 26. Qxg4 Nxg4 27. Nfd5 Rad8 28. Ba1 Re6 29. Re2 Nf6 30. Nxf6+ Rxf6 31. Rd1 Bxc3 32. Bxc3 Rfd6 33. Red2 f6 34. Kf2 Ne5 35. Bxe5 fxe5 36. Kf3 e4+ 37. Ke2 Rh6 38. h4 Rg6 39. dxe4 Rxd2+ 40. Rxd2 Rxg3 41. Rd8+ Kf7 42. Rd7+ Kf6 43. Rxa7 Rh3 44. e5+ Kxe5 45. Rxg7 Rxh4 46. Kd3 Kd6 47. a4 Rh1 48. Rb7 Kc6 49. Rf7 h5 50. Rf6+ Kc7 51. Ke4 h4 52. Rh6 h3 53. Rh7+ Kc6 54. Rh6+ Kb7 55. Rh7+ Ka6 56. Kd5 h2 57. Kc6 Re1 58. Rxh2 Rxe3 59. Rh8 Re6+ 60. Kd5 Rg6 61. Ra8+ Kb7 62. Rf8 Rg4 63. Rf7+ Ka6 64. Kc6 Rxc4 65. Rf8 Ka5 66. Ra8+ Kb4 67. Kxb6 Rh4 68. a5 Rh6+ 69. Kb7 Kb5 70. a6 Rb6+ 71. Kc7 Rxa6 72. Rb8+ Kc4 73. Rb1 Kd3 74. Rd1+ Kc2 75. Rh1 c4 76. Kb7 Rg6 77. Rh2+ Kb3 0-1

[Event "British KO-ch Pre 2019"]
[Site "London"]
[Date "2019.11.30"]
[Round "4.2"]
[White "Fernandez, Daniel Howard"]
[Black "Haria, Ravi"]
[Result "1-0"]
[ECO "A13"]
[WhiteElo "2444"]
[BlackElo "2451"]
[Annotator "ChessBase"]
[PlyCount "131"]
[EventDate "2019.11.30"]
[EventType "k.o."]
[EventCountry "ENG"]
[SourceTitle "playchess.com"]
[Source "ChessBase"]
[SourceQuality "1"]
[TimeControl "600+5"]

1. c4 e6 2. g3 d5 3. Bg2 Nf6 4. Nf3 d4 5. O-O c5 6. b4 a5 7. bxc5 Bxc5 8. Ba3 Qd6 9. Bxc5 Qxc5 10. d3 Nc6 11. Qa4 O-O 12. Nbd2 e5 13. Qb5 Qe7 14. Ne1 a4 15. Nc2 Ra5 16. Qb6 Nd7 17. Qc7 Nc5 18. Qxe7 Nxe7 19. Rab1 Bg4 20. Rfe1 Ra7 21. h3 Bd7 22. Rb6 Bc6 23. Bxc6 Nxc6 24. Reb1 Rc8 25. R6b5 Nb8 26. a3 Nbd7 27. Nb4 f6 28. Nd5 Kf7 29. Kg2 Rc6 30. g4 g6 31. Nb6 Nxb6 32. Rxb6 Ra6 33. Rxa6 Rxa6 34. Ne4 Nb3 35. e3 f5 36. Ng5+ Kg7 37. exd4 exd4 38. Re1 Nc5 39. Nf3 fxg4 40. hxg4 Nxd3 41. Re7+ Kf6 42. Rxh7 Nf4+ 43. Kh2 Rd6 44. Rxb7 d3 45. Nd2 Rd4 46. Kg3 g5 47. Rb6+ Kg7 48. Rb5 Kg6 49. Kf3 Ne6 50. Ra5 Rf4+ 51. Ke3 Rxg4 52. Kxd3 Rd4+ 53. Ke3 Rd7 54. Ne4 Rb7 55. Rb5 Rh7 56. Rb6 Kf5 57. Rxe6 Rh3+ 58. f3 g4 59. Rf6+ Ke5 60. c5 gxf3 61. Rxf3 Rh4 62. Nf2 Kd5 63. Nd3 Rh1 64. Rf4 Rh3+ 65. Kd2 Rh2+ 66. Kc3 1-0

[Event "British KO-ch Pre 2019"]
[Site "London"]
[Date "2019.11.30"]
[Round "4.3"]
[White "Wadsworth, Matthew J"]
[Black "Claridge-Hansen, William"]
[Result "1-0"]
[ECO "B20"]
[WhiteElo "2401"]
[BlackElo "2290"]
[Annotator "NA"]
[PlyCount "97"]
[EventDate "2019.11.30"]
[EventType "k.o."]
[EventCountry "ENG"]
[SourceTitle "playchess.com"]
[Source "ChessBase"]
[SourceQuality "1"]
[TimeControl "600+5"]

1. g3 c5 2. Bg2 g6 3. e4 Bg7 4. Ne2 Nc6 5. c3 e5 6. d3 Nge7 7. Be3 d6 8. Nd2 O-O 9. O-O b6 10. f4 d5 11. Nf3 dxe4 12. dxe4 Ba6 13. Kf2 Bd3 14. Ne1 Bc4 15. Qxd8 Raxd8 16. f5 gxf5 17. exf5 Bd5 18. g4 e4 19. Nf4 Ne5 20. h3 Bc4 21. Rg1 Bd3 22. Nexd3 exd3 23. Be4 Nc4 24. g5 Be5 25. Nxd3 Rfe8 26. Nxe5 Nxe5 27. Rad1 Nc4 28. Bc1 Nd6 29. Rxd6 Rxd6 30. Bf4 Rd7 31. Kf3 Nd5 32. Bc1 Re5 33. f6 Nc7 34. Bf4 Re6 35. Bf5 c4 36. Bxc7 Rxc7 37. Bxe6 fxe6 38. Rd1 Kf7 39. Rd8 Kg6 40. h4 e5 41. Rg8+ Kf5 42. Rg7 e4+ 43. Ke2 Rc8 44. f7 Rf8 45. Rxh7 Kg6 46. Rh6+ Kf5 47. Rf6+ Ke5 48. Rf1 Ke6 49. g6 1-0

[Event "British KO-ch Pre 2019"]
[Site "London"]
[Date "2019.11.30"]
[Round "4.4"]
[White "Golding, Alex"]
[Black "Clarke, Brandon G I"]
[Result "0-1"]
[ECO "B36"]
[WhiteElo "2306"]
[BlackElo "2431"]
[Annotator "NA"]
[PlyCount "78"]
[EventDate "2019.11.30"]
[EventType "k.o."]
[EventCountry "ENG"]
[SourceTitle "playchess.com"]
[Source "ChessBase"]
[SourceQuality "1"]
[TimeControl "600+5"]

1. e4 c5 2. c4 d6 3. Ne2 Nf6 4. Nbc3 Nc6 5. d4 cxd4 6. Nxd4 g6 7. Be2 Nxd4 8. Qxd4 Bg7 9. Be3 O-O 10. Qd2 a5 11. O-O a4 12. b4 axb3 13. axb3 Rxa1 14. Rxa1 Nxe4 15. Nxe4 Bxa1 16. Bf3 Bg7 17. Qb4 Qc7 18. Nc3 Be6 19. Nb5 Qd7 20. h4 Bg4 21. Bd5 e6 22. Be4 d5 23. cxd5 exd5 24. Bd3 Ra8 25. Bd4 Rc8 26. Nc3 Be6 27. h5 Qc7 28. Bxg7 Kxg7 29. Qd4+ f6 30. Nxd5 Qe5 31. Nf4 Rc1+ 32. Kh2 Bf7 33. h6+ Kxh6 34. Qb4 Kg7 35. g3 Qe1 36. Qxb7 Qxf2+ 37. Kh3 Rg1 38. Ne2 Qf1+ 39. Kg4 f5+ 0-1

[Event "British KO-ch Pre 2019"]
[Site "London"]
[Date "2019.11.30"]
[Round "4.5"]
[White "Merry, Alan B"]
[Black "Willow, Jonah B"]
[Result "1-0"]
[ECO "B36"]
[WhiteElo "2426"]
[BlackElo "2345"]
[Annotator "NA"]
[PlyCount "57"]
[EventDate "2019.11.30"]
[EventType "k.o."]
[EventCountry "ENG"]
[SourceTitle "playchess.com"]
[Source "ChessBase"]
[SourceQuality "1"]
[TimeControl "600+5"]

1. c4 c5 2. Nf3 Nc6 3. d4 cxd4 4. Nxd4 g6 5. e4 Nf6 6. Nc3 d6 7. Be2 Nxd4 8. Qxd4 Bg7 9. Bg5 O-O 10. Qe3 a5 11. O-O a4 12. Rad1 Qa5 13. Bxf6 Bxf6 14. Nd5 Bxb2 15. Nxe7+ Kg7 16. Nxc8 Raxc8 17. Rxd6 Rc7 18. Rfd1 Re8 19. R6d5 Qa6 20. f4 Rce7 21. e5 Qc6 22. a3 f6 23. Rd6 Qc7 24. R6d2 Bxe5 25. fxe5 Rxe5 26. Rd7+ Kg8 27. Rxc7 Rxe3 28. Bf3 Rxa3 29. Rdd7 1-0

[Event "British KO-ch Pre 2019"]
[Site "London"]
[Date "2019.11.30"]
[Round "4.6"]
[White "Taylor, Adam C"]
[Black "McPhillips, Joseph"]
[Result "1-0"]
[ECO "E60"]
[WhiteElo "2371"]
[BlackElo "2434"]
[Annotator "NA"]
[PlyCount "137"]
[EventDate "2019.11.30"]
[EventType "k.o."]
[EventCountry "ENG"]
[SourceTitle "playchess.com"]
[Source "ChessBase"]
[SourceQuality "1"]
[TimeControl "600+5"]

1. Nf3 Nf6 2. c4 g6 3. b3 d6 4. d4 Bg7 5. Bb2 O-O 6. g3 Nc6 7. Bg2 Bf5 8. O-O e5 9. dxe5 dxe5 10. Nxe5 Nb4 11. Nc3 Qe7 12. Nd3 Rad8 13. Nd5 Nfxd5 14. Bxg7 Kxg7 15. cxd5 Nxd5 16. Qc2 Kg8 17. Rac1 Bxd3 18. exd3 c6 19. Rfe1 Qf6 20. Qc5 Nb6 21. Qe7 Qxe7 22. Rxe7 Rd7 23. Rxd7 Nxd7 24. d4 Nf6 25. Re1 Rd8 26. Re7 Rxd4 27. Rxb7 Rd1+ 28. Bf1 Ne4 29. Kg2 Rd2 30. Rxa7 Rxf2+ 31. Kg1 Rb2 32. Bc4 Ng5 33. h4 Nf3+ 34. Kf1 Nd2+ 35. Ke1 Nxc4 36. bxc4 Rb4 37. a4 Rxc4 38. a5 Rc2 39. a6 Ra2 40. Kd1 Kg7 41. Kc1 Ra3 42. Kb2 Ra5 43. Kb3 c5 44. Kc4 h6 45. Kd5 g5 46. Kc6 g4 47. Kb6 Ra3 48. Rc7 Rb3+ 49. Kc6 Rxg3 50. a7 Ra3 51. Kb7 Rb3+ 52. Kc8 Ra3 53. Kb8 g3 54. Rxc5 f5 55. Rc3 Rxa7 56. Rxg3+ Kf6 57. Kxa7 f4 58. Rg8 Kf5 59. Kb6 f3 60. Kc5 h5 61. Kd5 Kf4 62. Ke6 f2 63. Rg5 f1=Q 64. Rf5+ Kg4 65. Rxf1 Kxh4 66. Rg1 Kh3 67. Kf5 Kh2 68. Rg5 h4 69. Kg4 1-0

[Event "British KO-ch Pre 2019"]
[Site "London"]
[Date "2019.11.30"]
[Round "4.7"]
[White "Head, Louise"]
[Black "Pein, Jonathan"]
[Result "1-0"]
[ECO "A50"]
[WhiteElo "2100"]
[BlackElo "2151"]
[Annotator "NA"]
[PlyCount "97"]
[EventDate "2019.11.30"]
[EventType "k.o."]
[EventCountry "ENG"]
[SourceTitle "playchess.com"]
[Source "ChessBase"]
[SourceQuality "1"]
[TimeControl "600+5"]

1. d4 Nf6 2. c4 b6 3. Nc3 Bb7 4. Nf3 Ne4 5. Nxe4 Bxe4 6. Nd2 Bb7 7. Qc2 g6 8. b3 Bg7 9. Bb2 O-O 10. e4 Nc6 11. Nf3 Nb4 12. Qd2 a5 13. a3 Na6 14. Bd3 d6 15. O-O e5 16. Bc2 exd4 17. Bxd4 Nc5 18. Bxg7 Kxg7 19. Rfe1 Re8 20. Qd4+ Qf6 21. Qxf6+ Kxf6 22. Nd2 Re7 23. f3 Kg7 24. Nf1 Rae8 25. Kf2 Ne6 26. Rad1 h5 27. Ne3 f6 28. Rd2 Kf7 29. Nd5 Bxd5 30. Rxd5 Nf4 31. Rdd1 g5 32. g3 Ne6 33. h3 Nc5 34. b4 axb4 35. axb4 Na6 36. Rb1 Nb8 37. Bb3 Kg7 38. Rbc1 Nc6 39. Ba4 Nxb4 40. Bxe8 Nd3+ 41. Ke3 Nxe1 42. Bxh5 f5 43. Rxe1 Kh6 44. g4 c6 45. Rd1 fxe4 46. Rxd6+ Kg7 47. fxe4 b5 48. Rxc6 bxc4 49. Rxc4 1-0

[Event "British KO-ch Pre 2019"]
[Site "London"]
[Date "2019.11.30"]
[Round "4.8"]
[White "Kalaiyalahan, Akshaya"]
[Black "Toma, Katarzyna"]
[Result "0-1"]
[ECO "D77"]
[WhiteElo "2154"]
[BlackElo "2272"]
[Annotator "NA"]
[PlyCount "46"]
[EventDate "2019.11.30"]
[EventType "k.o."]
[EventCountry "ENG"]
[SourceTitle "playchess.com"]
[Source "ChessBase"]
[SourceQuality "1"]
[TimeControl "600+5"]

1. Nf3 Nf6 2. g3 g6 3. Bg2 Bg7 4. O-O O-O 5. d4 d5 6. c4 dxc4 7. Na3 c5 8. Nxc4 Be6 9. Ne3 Nc6 10. dxc5 Qa5 11. Ng5 Bd7 12. Ne4 Rfd8 13. Nxf6+ Bxf6 14. Qe1 Qxc5 15. Nd5 Bg7 16. Be3 Nd4 17. Rc1 Qd6 18. Bf4 e5 19. Bd2 Bb5 20. Nc3 Nxe2+ 21. Nxe2 Qxd2 22. Nc3 Bxf1 23. Qxf1 Rac8 0-1

[Event "British KO-ch Pre 2019"]
[Site "London"]
[Date "2019.11.30"]
[Round "5.1"]
[White "Harvey, Marcus R"]
[Black "Wadsworth, Matthew J"]
[Result "1-0"]
[ECO "A07"]
[WhiteElo "2405"]
[BlackElo "2401"]
[Annotator "NA"]
[PlyCount "93"]
[EventDate "2019.11.30"]
[EventType "k.o."]
[EventCountry "ENG"]
[SourceTitle "playchess.com"]
[Source "ChessBase"]
[SourceQuality "1"]
[TimeControl "600+5"]

1. Nf3 d5 2. g3 Nf6 3. Bg2 c6 4. O-O Bf5 5. d3 h6 6. Nbd2 e6 7. c3 Be7 8. Qb3 Qb6 9. a4 Nbd7 10. a5 Qxb3 11. Nxb3 a6 12. Nfd2 Nc5 13. Nxc5 Bxc5 14. e4 Bh7 15. d4 Be7 16. e5 Nd7 17. b4 Bd3 18. Re1 g5 19. Nb3 Bc4 20. Rb1 g4 21. h3 h5 22. h4 O-O-O 23. Bf1 Bxb3 24. Rxb3 Nf8 25. Bd3 Ng6 26. Kf1 Rdg8 27. Rb2 Kd7 28. Rbe2 Rg7 29. Re3 Rgg8 30. Ke2 Rg7 31. Kd1 Ke8 32. Bd2 Rgg8 33. f4 Nxf4 34. gxf4 Bxh4 35. Rf1 Be7 36. Rh1 h4 37. Be1 g3 38. Rg1 Rg4 39. Rf3 Rhg8 40. Bf1 g2 41. Be2 Kf8 42. Kd2 Ke8 43. Ke3 Bf8 44. Rh3 R4g6 45. Rxh4 Bh6 46. Bh5 R6g7 47. Bxf7+ 1-0

[Event "British KO-ch Pre 2019"]
[Site "London"]
[Date "2019.11.30"]
[Round "5.3"]
[White "Clarke, Brandon G I"]
[Black "Merry, Alan B"]
[Result "1-0"]
[ECO "C18"]
[WhiteElo "2431"]
[BlackElo "2426"]
[Annotator "NA"]
[PlyCount "75"]
[EventDate "2019.11.30"]
[EventType "k.o."]
[EventCountry "ENG"]
[SourceTitle "playchess.com"]
[Source "ChessBase"]
[SourceQuality "1"]
[TimeControl "600+5"]

1. e4 e6 2. d4 d5 3. Nc3 Bb4 4. e5 c5 5. a3 Bxc3+ 6. bxc3 Qa5 7. Bd2 Qa4 8. Qb1 c4 9. Nh3 Nc6 10. Nf4 g6 11. Be2 Nge7 12. g4 Bd7 13. h4 O-O-O 14. Nh3 h6 15. Qc1 Ng8 16. h5 gxh5 17. gxh5 f6 18. Nf4 fxe5 19. Ng6 Rh7 20. Nxe5 Nf6 21. f3 Be8 22. Bxh6 Nxe5 23. dxe5 Nxh5 24. Bg5 Rdd7 25. Kf2 Bg6 26. Ra2 Ng7 27. Rxh7 Bxh7 28. Qh1 Bxc2 29. Qh8+ Kc7 30. Qf8 Bb3 31. Ra1 Qa5 32. Rh1 b6 33. Qa8 Qa6 34. Rh8 Qb7 35. Qg8 Kc6 36. Bf6 Kb5 37. Rh7 Ne8 38. Qxe8 1-0

[Event "British KO-ch Pre 2019"]
[Site "London"]
[Date "2019.11.30"]
[Round "5.4"]
[White "Haria, Ravi"]
[Black "Claridge-Hansen, William"]
[Result "1-0"]
[ECO "A40"]
[WhiteElo "2451"]
[BlackElo "2290"]
[Annotator "ChessBase"]
[PlyCount "41"]
[EventDate "2019.11.30"]
[EventType "k.o."]
[EventCountry "ENG"]
[SourceTitle "playchess.com"]
[Source "ChessBase"]
[SourceQuality "1"]
[TimeControl "600+5"]

1. Nf3 c5 2. g3 g6 3. c3 Bg7 4. d4 cxd4 5. cxd4 b6 6. Bg2 Bb7 7. O-O d6 8. Qb3 e6 9. Nc3 Ne7 10. e4 a6 11. Be3 Nd7 12. Nd2 O-O 13. Nc4 Qc7 14. Rac1 b5 15. Nd2 Qa5 16. a4 bxa4 17. Qxb7 Rfd8 18. Nc4 Qh5 19. Nxd6 Nf6 20. e5 Ng4 21. h3 1-0

[Event "British KO-ch Pre 2019"]
[Site "London"]
[Date "2019.11.30"]
[Round "5.5"]
[White "Head, Louise"]
[Black "Taylor, Adam C"]
[Result "0-1"]
[ECO "A57"]
[WhiteElo "2100"]
[BlackElo "2371"]
[Annotator "NA"]
[PlyCount "130"]
[EventDate "2019.11.30"]
[EventType "k.o."]
[EventCountry "ENG"]
[SourceTitle "playchess.com"]
[Source "ChessBase"]
[SourceQuality "1"]
[TimeControl "600+5"]

1. d4 Nf6 2. c4 c5 3. d5 b5 4. cxb5 a6 5. b6 d6 6. Nc3 Nbd7 7. e4 g6 8. Nf3 Rb8 9. Be2 Bg7 10. O-O O-O 11. a4 Qxb6 12. Nd2 Ne5 13. Nc4 Nxc4 14. Bxc4 Nd7 15. Qc2 Qb4 16. Be2 f5 17. exf5 Rxf5 18. a5 Ne5 19. Ra4 Qb3 20. Qxb3 Rxb3 21. f4 Nd7 22. Bd1 Rb8 23. Bg4 Rf8 24. Be6+ Kh8 25. f5 Bd4+ 26. Kh1 Ne5 27. Bh6 Bxe6 28. Bxf8 Bd7 29. Bxe7 Bxa4 30. Nxa4 Ng4 31. h3 Ne3 32. Re1 Nxf5 33. Bg5 Ng3+ 34. Kh2 Nf5 35. g4 Ng7 36. Nb6 Bxb2 37. Bf4 Bc3 38. Bxd6 Rd8 39. Bc7 Bxe1 40. Bxd8 Bxa5 41. d6 Ne6 42. Bf6+ Kg8 43. Nc4 Kf7 44. Bh4 Bd8 45. Ne5+ Ke8 46. Bf2 Bf6 47. Nc4 Kd7 48. Bg3 Bc3 49. Kg2 a5 50. Kf2 a4 51. Nb6+ Kc6 52. Nxa4 Bd4+ 53. Ke2 Kb5 54. Nxc5 Bxc5 55. h4 Kc6 56. Kf3 Bxd6 57. Bf2 Kd5 58. Be3 Nd4+ 59. Bxd4 Kxd4 60. g5 Ke5 61. Kg4 Ke4 62. h5 Be7 63. Kh4 Kf4 64. hxg6 hxg6 65. Kh3 Kxg5 0-1

[Event "British KO-ch Pre 2019"]
[Site "London"]
[Date "2019.11.30"]
[Round "5.6"]
[White "Willow, Jonah B"]
[Black "Golding, Alex"]
[Result "1/2-1/2"]
[ECO "C10"]
[WhiteElo "2345"]
[BlackElo "2306"]
[Annotator "NA"]
[PlyCount "232"]
[EventDate "2019.11.30"]
[EventType "k.o."]
[EventCountry "ENG"]
[SourceTitle "playchess.com"]
[Source "ChessBase"]
[SourceQuality "1"]
[TimeControl "600+5"]

1. e4 e6 2. d4 d5 3. Nd2 dxe4 4. Nxe4 Bd7 5. Nf3 Bc6 6. Bd3 Nd7 7. O-O Ngf6 8. Re1 Bxe4 9. Bxe4 Nxe4 10. Rxe4 Nf6 11. Re2 Bd6 12. Bg5 c6 13. c4 h6 14. Bxf6 Qxf6 15. d5 O-O 16. dxc6 Rad8 17. Qa4 bxc6 18. Qxc6 Ba3 19. Qb7 Rb8 20. Qxa7 Bxb2 21. Rb1 Be5 22. Rxb8 Rxb8 23. Re1 Rd8 24. Qe3 Bf4 25. Qe4 Bd6 26. g3 Bc5 27. Kg2 Qb2 28. Re2 Qc1 29. Qc2 Qa3 30. Ne5 Rd4 31. Nf3 Rd3 32. Ne5 Qa8+ 33. f3 Ra3 34. Nd3 Bd4 35. c5 Rc3 36. Qd2 Qc6 37. Kh3 Qxf3 38. Nf4 Qf1+ 39. Rg2 Bf6 40. Qe2 Qb1 41. Qg4 Rxc5 42. Nh5 Qa1 43. Rd2 Qf1+ 44. Rg2 Rg5 45. Nxf6+ Qxf6 46. Qe2 h5 47. Qe4 h4 48. gxh4 Rxg2 49. Qxg2 Qf5+ 50. Kg3 Qe5+ 51. Kh3 Qc3+ 52. Qg3 Qb2 53. a4 Qa1 54. Qf4 e5 55. Qc4 Qa3+ 56. Kg2 Qb2+ 57. Kg3 g6 58. Qb5 Qc3+ 59. Kg2 Qd2+ 60. Kg3 Qf4+ 61. Kg2 e4 62. Qe2 Qxh4 63. a5 Qg5+ 64. Kh3 Qxa5 65. Qxe4 Qc3+ 66. Kg2 Kg7 67. Qe2 g5 68. Qa2 Qd4 69. Qc2 Qf4 70. Qc3+ Kg6 71. Qd3+ Qf5 72. Qd6+ f6 73. Qd8 Qe4+ 74. Kg1 g4 75. Qg8+ Kf5 76. Qh7+ Kf4 77. Qc7+ Qe5 78. Qc4+ Kg5 79. Qg8+ Kf5 80. Qc8+ Kf4 81. Qc4+ Qe4 82. Qc7+ Kg5 83. Qg7+ Qg6 84. Qc7 f5 85. Qe5 Qb6+ 86. Kg2 Qc6+ 87. Kg1 Qc1+ 88. Kg2 Qd2+ 89. Kg3 Qd3+ 90. Kf2 Qf3+ 91. Kg1 Qe4 92. Qg7+ Kf4 93. Qc7+ Kf3 94. Qg3+ Ke2 95. Qf2+ Kd3 96. Qf1+ Kd4 97. Qa1+ Kd5 98. Qa8+ Ke5 99. Qb8+ Kf6 100. Qf8+ Kg5 101. Qg7+ Kf4 102. Qc7+ Qe5 103. Qc4+ Qe4 104. Qc7+ Ke3 105. Qc3+ Qd3 106. Qe5+ Kf3 107. Qg3+ Ke4 108. Qg2+ Kf4 109. Qf2+ Kg5 110. Qc5 Qd1+ 111. Kg2 Qf3+ 112. Kg1 Qd1+ 113. Kg2 Qd2+ 114. Kg1 Qe1+ 115. Kg2 Kh4 116. Qxf5 Qe2+ 1/2-1/2

[Event "British KO-ch Pre 2019"]
[Site "London"]
[Date "2019.11.30"]
[Round "5.7"]
[White "Pein, Jonathan"]
[Black "Toma, Katarzyna"]
[Result "0-1"]
[ECO "D77"]
[WhiteElo "2151"]
[BlackElo "2272"]
[Annotator "NA"]
[PlyCount "50"]
[EventDate "2019.11.30"]
[EventType "k.o."]
[EventCountry "ENG"]
[SourceTitle "playchess.com"]
[Source "ChessBase"]
[SourceQuality "1"]
[TimeControl "600+5"]

1. g3 g6 2. Bg2 d5 3. c4 Nf6 4. Nf3 Bg7 5. O-O O-O 6. d4 dxc4 7. Ne5 c5 8. dxc5 Qc7 9. Nxc4 Qxc5 10. Nba3 Nc6 11. Be3 Qh5 12. f3 Be6 13. Rc1 Rac8 14. b3 b5 15. Nd2 Nd5 16. Bf2 Bb2 17. Rxc6 Rxc6 18. Nxb5 Rc1 19. Qxc1 Bxc1 20. Rxc1 Qg5 21. Be1 Rd8 22. a4 Qe3+ 23. Kf1 a6 24. Nc7 Nc3 25. Nxe6 fxe6 0-1

[Event "British KO-ch Pre 2019"]
[Site "London"]
[Date "2019.11.30"]
[Round "5.8"]
[White "McPhillips, Joseph"]
[Black "Kalaiyalahan, Akshaya"]
[Result "1-0"]
[ECO "A00"]
[WhiteElo "2434"]
[BlackElo "2154"]
[Annotator "NA"]
[PlyCount "65"]
[EventDate "2019.11.30"]
[EventType "k.o."]
[EventCountry "ENG"]
[SourceTitle "playchess.com"]
[Source "ChessBase"]
[SourceQuality "1"]
[TimeControl "600+5"]

1. f3 d5 2. Kf2 e5 3. Kg3 Bc5 4. e3 d4 5. exd4 Bxd4 6. d3 Nf6 7. h3 Qd6 8. Kh2 Nd5 9. Qe1 O-O 10. Nc3 e4+ 11. g3 Bxg1+ 12. Rxg1 exf3 13. Qe4 Nxc3 14. bxc3 Qf6 15. Ba3 Bd7 16. Bxf8 Bc6 17. Qg4 Bd7 18. Qxg7+ Qxg7 19. Bxg7 Kxg7 20. d4 Bc6 21. Bc4 Nd7 22. Rge1 Nf6 23. Re5 Re8 24. Rxe8 Nxe8 25. d5 Bd7 26. Rf1 Nd6 27. Bd3 Nb5 28. c4 Nd4 29. c3 Nf5 30. Bxf5 Bxf5 31. Rxf3 Bb1 32. a3 Ba2 33. Rf4 1-0

[Event "British KO-ch Pre 2019"]
[Site "London"]
[Date "2019.11.30"]
[Round "6.1"]
[White "Harvey, Marcus R"]
[Black "Clarke, Brandon G I"]
[Result "1-0"]
[ECO "E60"]
[WhiteElo "2405"]
[BlackElo "2431"]
[Annotator "NA"]
[PlyCount "65"]
[EventDate "2019.11.30"]
[EventType "k.o."]
[EventCountry "ENG"]
[SourceTitle "playchess.com"]
[Source "ChessBase"]
[SourceQuality "1"]
[TimeControl "600+5"]

1. Nf3 Nf6 2. b3 g6 3. Bb2 Bg7 4. e3 O-O 5. Be2 d6 6. d4 Nbd7 7. O-O e5 8. dxe5 Ng4 9. c4 Ndxe5 10. Nxe5 Nxe5 11. Nc3 Re8 12. Qd2 h5 13. Nd5 Bg4 14. h3 Be6 15. Rad1 a5 16. Bc3 a4 17. Qb2 f6 18. Nf4 Bf7 19. c5 f5 20. cxd6 cxd6 21. Bb5 Re7 22. Nd5 Bxd5 23. Rxd5 axb3 24. Qxb3 Kh7 25. Rfd1 Rc8 26. Rxd6 Qc7 27. Bxe5 Rxe5 28. Rd7 Qc5 29. Qf7 Rg8 30. Bc4 Ree8 31. Rxb7 Qe5 32. Qc7 Rgf8 33. Qxe5 1-0